Map: 2000 Atmospheres LE

Players

Maru - Winner!

  • Race: Terran Terran
  • League: Master

DPGCure (Cure)

  • Race: Terran Terran

Event: TSL 8

VOD

Have the link to the VOD?

Description

Time

  • Played on: Dec. 4, 2021, 6:53 a.m.
  • Length: 19:40

All games in this series

Show
View Real Time Build Order
Export as new Build Order

Maru Terran - Winner!

Build Orders:  

Get SALT Encoding   

  12  0:00  SCV  
  13  0:12  SCV  
  14  0:16  Supply Depot  
  14  0:24  SCV  
  15  0:38  SCV  
  15  0:39  Barracks  
  16  0:43  Refinery  
  16  0:50  SCV  
  17  0:59  Barracks  
  17  1:03  SCV  
  18  1:10  Refinery  
  18  1:15  SCV  
  19  1:27  Reaper  
  19  1:31  Orbital Command  
  20  1:40  Supply Depot  
  20  1:46  Reaper  
  21  1:56  SCV  
  21  1:59  Reaper  
  23  2:08  SCV  
  24  2:09  Factory  
  24  2:19  Supply Depot  
  24  2:20  SCV, Reaper  
  26  2:32  SCV  
  26  2:36  Reaper  
  28  2:44  SCV  
  29  2:55  Command Center  
  29  2:58  Hellion  
  31  3:00  SCV  
  32  3:10  Starport  
  32  3:12  Barracks Reactor  
  32  3:16  SCV  
  33  3:23  Supply Depot  
  33  3:25  Hellion  
  35  3:28  SCV  
  36  3:40  SCV  
  37  3:48  Factory Tech Lab, Starport Tech Lab  
  37  3:52  SCV  
  38  3:57  Refinery  
  38  4:00  Marine x2  
  40  4:05  SCV  
  40  4:09  Cyclone  
  44  4:16  Raven  
  47  4:17  Orbital Command  
  47  4:19  SCV  
  47  4:22  Marine  
  47  4:23  Marine  
  46  4:31  SCV  
  45  4:40  Marine  
  45  4:41  Marine  
  45  4:43  Siege Tank  
  45  4:44  SCV x2  
  52  4:46  Supply Depot  
  52  4:56  SCV x2  
  52  4:59  Raven  
  56  5:05  Marine x2  
  58  5:10  Command Center  
  58  5:12  SCV  
  58  5:13  SCV  
  60  5:16  Supply Depot  
  60  5:20  Siege Tank  
  63  5:23  Marine x2  
  63  5:25  SCV  
  63  5:32  SCV  
  61  5:37  SCV  
  61  5:41  Marine  
  63  5:44  SCV  
  63  5:46  Raven  
  63  5:49  SCV  
  67  5:51  Refinery, Marine  
  67  5:57  SCV  
  69  5:59  Marine  
  69  6:03  SCV, Siege Tank  
  74  6:09  Marine  
  74  6:10  Supply Depot, SCV  
  74  6:15  SCV  
  74  6:17  Marine  
  76  6:22  SCV x2  
  78  6:27  SCV  
  78  6:28  Barracks  
  78  6:31  Barracks  
  80  6:34  SCV  
  80  6:37  Siege Tank  
  80  6:39  SCV  
  85  6:42  Orbital Command  
  85  6:46  SCV  
  84  6:48  Viking x2  
  84  6:51  SCV  
  89  6:58  SCV  
  89  7:00  Engineering Bay x2  
  90  7:02  Marine  
  90  7:03  Stimpack  
  90  7:04  SCV  
  90  7:08  SCV  
  93  7:10  Supply Depot, SCV  
  93  7:14  Siege Tank  
  96  7:16  SCV  
  97  7:23  SCV  
  97  7:29  Barracks Reactor  
  98  7:30  Barracks Reactor, Viking  
  98  7:31  Viking  
  98  7:32  SCV  
  98  7:33  Supply Depot, SCV  
  101  7:42  SCV  
  102  7:44  SCV  
  102  7:47  SCV  
  104  7:52  Terran Infantry Weapons Level 1, Terran Infantry Armor Level 1  
  104  7:53  Siege Tank  
  104  7:54  SCV  
  104  7:55  Supply Depot  
  104  7:56  Barracks  
  104  7:57  SCV  
  109  7:59  SCV  
  109  8:02  Refinery  
  109  8:03  Supply Depot, Refinery  
  110  8:06  SCV  
  110  8:07  Viking  
  112  8:14  SCV x2  
  112  8:17  Supply Depot  
  114  8:25  SCV  
  114  8:26  Viking  
  117  8:27  Siege Tank, Marine x3  
  117  8:32  SCV  
  117  8:33  SCV  
  125  8:34  Armory  
  125  8:37  Viking, Marine x2  
  125  8:38  SCV  
  130  8:44  SCV  
  130  8:45  SCV  
  132  8:48  Combat Shield  
  132  8:49  Barracks Reactor  
  132  8:50  SCV, Barracks  
  133  8:56  SCV, Sensor Tower  
  133  8:57  SCV  
  136  9:02  Siege Tank  
  136  9:04  Supply Depot  
  136  9:11  Marine x2  
  136  9:13  SCV  
  136  9:14  Command Center  
  139  9:20  Viking  
  139  9:23  Terran Vehicle Weapons Level 1  
  141  9:25  Viking  
  143  9:35  Supply Depot  
  143  9:37  Siege Tank  
  146  9:41  Factory  
  146  9:50  Medivac  
  145  9:52  Marine  
  145  9:53  Marine x2  
  145  9:54  Marine  
  145  9:55  Barracks Reactor  
  145  9:56  Medivac, Marine x3  
  145  9:57  Supply Depot  
  145  9:58  Supply Depot  
  153  10:08  Terran Infantry Weapons Level 2  
  153  10:09  Siege Tank  
  153  10:10  Marine x2  
  153  10:11  Marine x2  
  153  10:14  Terran Infantry Armor Level 2, Marine  
  160  10:16  Supply Depot  
  157  10:24  Marine x2  
  159  10:28  Marine x2  
  159  10:29  Marine  
  159  10:30  Missile Turret  
  159  10:31  SCV x3  
  165  10:37  Marine  
  165  10:41  Siege Tank  
  168  10:48  Marine  
  156  10:51  Liberator x2  
  156  10:54  Marine x5  
  158  10:59  SCV x3  
  159  11:04  Barracks Reactor  
  159  11:09  Supply Depot  
  159  11:11  SCV x3  
  157  11:13  Siege Tank x2  
  157  11:14  Marine x4  
  169  11:20  Planetary Fortress  
  169  11:23  SCV x3  
  170  11:34  Sensor Tower  
  170  11:35  SCV x2  
  170  11:39  Medivac x2, Marine x2  
  175  11:44  SCV  
  175  11:47  SCV  
  175  11:49  Marine x2  
  175  11:51  Marine  
  175  11:52  Siege Tank, Marine x4  
  154  11:56  SCV x2  
  154  11:59  Refinery  
  154  12:01  Marine x3  
  157  12:07  Terran Vehicle Weapons Level 2  
  157  12:08  Marine x2  
  160  12:09  Viking, Marine x3  
  160  12:14  SCV  
  167  12:18  Viking  
  167  12:19  Supply Depot  
  167  12:22  SCV  
  170  12:23  SCV x2, Refinery x2  
  170  12:26  SCV  
  173  12:34  SCV  
  174  12:38  Marine x3  
  174  12:39  Starport, SCV  
  174  12:41  Starport  
  178  12:51  Marine x3  
  178  12:52  Marine  
  182  13:01  Command Center x2  
  182  13:02  Terran Infantry Armor Level 3  
  180  13:08  Terran Infantry Weapons Level 3  
  180  13:11  Marine x3  
  180  13:14  Siege Tank  
  182  13:20  Siege Tank, Marine x3  
  182  13:26  Marine x2  
  182  13:27  Starport Tech Lab x2  
  188  13:34  Supply Depot, Marine x3  
  188  13:55  Siege Tank, Command Center, Marine  
  189  13:59  Command Center  
  189  14:02  Corvid Reactor, Raven x2  
  191  14:07  Marine x2  
  191  14:08  Marine  
  196  14:14  Armory  
  196  14:17  Command Center  
  196  14:26  Terran Vehicle Weapons Level 3  
  196  14:31  Orbital Command  
  196  14:41  Viking x2  
  196  14:44  Starport x2  
  196  14:45  Raven  
  199  14:50  Marine x4  
  175  14:55  Siege Tank, Marine x6  
  175  14:59  Raven  
  170  15:02  Siege Tank  
  170  15:06  Missile Turret  
  160  15:15  Marine  
  160  15:16  Marine x4  
  160  15:17  Marine x2  
  160  15:19  Sensor Tower  
  160  15:20  Orbital Command  
  165  15:23  Terran Vehicle And Ship Armor Level 1  
  165  15:24  Orbital Command  
  165  15:29  Planetary Fortress  
  165  15:31  Orbital Command  
  165  15:36  Missile Turret, Starport Tech Lab  
  165  15:37  Starport Tech Lab  
  165  15:38  Raven  
  165  15:41  Marine x2  
  165  15:42  Raven, Marine  
  172  15:53  Marine x7  
  179  16:01  Command Center  
  179  16:08  Sensor Tower  
  179  16:09  Sensor Tower  
  179  16:12  Siege Tank  
  179  16:17  Raven x2, Command Center  
  186  16:20  Neosteel Armor  
  186  16:27  Siege Tank  
  186  16:28  Marine x2  
  186  16:29  Marine x2  
  185  16:44  Siege Tank  
  185  16:47  Marine x4  
  187  16:51  Command Center  
  189  16:56  Marine  
  189  16:59  Siege Tank  
  186  17:01  Marine x2  
  186  17:02  Marine x2  
  184  17:09  Raven, Marine x3  
  184  17:15  Sensor Tower  
  188  17:16  Siege Tank  
  188  17:17  Marine x3  
  194  17:27  Viking x3  
  199  17:54  Command Center  
  187  17:58  Marine x2  
  187  18:02  Raven x3  
  187  18:03  Raven  
  187  18:04  Marine x2  
  199  18:07  Orbital Command  
  199  18:19  Marine  
  192  18:20  Marine x2  
  170  18:32  Marine x2  
  170  18:33  Marine x4  
  170  18:34  Marine  
  154  18:38  Viking x2  
  154  18:45  Raven x2  
  154  18:46  Marine x3  
  154  18:47  Siege Tank  
  160  18:49  Marine  
  160  18:50  Marine  
  160  18:51  Marine x2  
  160  18:52  Marine  
  160  18:54  Marine  
  165  18:59  SCV x2, Marine  
  165  19:01  Viking x2  
  145  19:04  Marine x3  
  145  19:05  Siege Tank  
  145  19:09  Marine x5  
  141  19:10  SCV  
  144  19:12  Marine  
  144  19:16  Marine  
  144  19:22  Marine  
Show
View Real Time Build Order
Export as new Build Order

DPGCure Terran 

Build Orders:  

Get SALT Encoding   

  12  0:00  SCV  
  13  0:12  SCV  
  14  0:17  Supply Depot  
  14  0:24  SCV  
  15  0:38  SCV  
  15  0:40  Barracks  
  15  0:42  Refinery  
  16  0:50  SCV  
  16  0:52  Refinery  
  17  1:03  SCV  
  18  1:15  SCV  
  19  1:26  Reaper  
  19  1:27  Orbital Command  
  19  1:31  Supply Depot  
  20  1:42  Factory  
  20  1:52  SCV  
  21  1:58  Reaper  
  22  2:04  SCV  
  23  2:18  Command Center  
  23  2:27  Hellion, SCV  
  26  2:32  Reaper  
  27  2:39  SCV  
  27  2:43  Supply Depot  
  28  2:48  Hellion  
  30  2:51  SCV  
  31  2:59  Starport  
  31  3:04  SCV  
  31  3:05  Marine  
  33  3:09  Factory Tech Lab  
  33  3:16  SCV  
  34  3:24  Barracks Reactor  
  34  3:28  Cyclone  
  34  3:29  SCV  
  34  3:31  Orbital Command  
  38  3:36  Starport Tech Lab  
  38  3:41  SCV  
  39  3:53  SCV  
  39  3:55  Supply Depot, Banshee  
  42  4:00  Siege Tank, Marine  
  47  4:05  SCV  
  47  4:07  Marine  
  49  4:13  Orbital Command  
  49  4:17  SCV  
  49  4:18  Marine  
  51  4:25  Marine  
  51  4:29  SCV  
  52  4:36  Marine  
  51  4:39  SCV  
  51  4:42  SCV, Marine  
  51  4:44  Raven  
  56  4:48  Refinery  
  56  4:53  SCV  
  56  4:54  SCV  
  56  4:56  Siege Tank  
  56  4:57  Command Center  
  61  5:04  Supply Depot  
  61  5:06  SCV  
  62  5:10  SCV, Marine x2  
  62  5:14  Refinery  
  65  5:16  Supply Depot  
  65  5:18  SCV  
  66  5:22  SCV  
  67  5:33  Marine x2  
  72  5:36  Raven  
  72  5:37  SCV x2  
  73  5:44  Siege Tank  
  73  5:49  SCV x2  
  75  5:55  Barracks  
  75  5:56  Barracks  
  75  5:59  Marine x2  
  75  6:01  SCV x2  
  79  6:09  Orbital Command  
  79  6:13  SCV x2, Engineering Bay x2  
  81  6:24  Siege Tank  
  84  6:27  SCV x2  
  84  6:28  Orbital Command  
  84  6:31  Viking x2, Marine  
  84  6:32  Stimpack  
  91  6:39  SCV x2  
  93  6:47  Barracks Reactor  
  93  6:48  Barracks Reactor  
  93  6:51  Terran Infantry Weapons Level 1, Terran Infantry Armor Level 1  
  94  6:54  Supply Depot, SCV x3  
  94  6:55  Supply Depot, Marine  
  97  7:02  Siege Tank  
  97  7:05  Viking  
  101  7:12  SCV  
  101  7:15  SCV, Viking  
  101  7:16  SCV, Marine  
  105  7:30  Marine x4  
  105  7:33  SCV x3  
  105  7:34  Supply Depot, Marine  
  105  7:35  Supply Depot, Viking  
  115  7:40  Refinery x2  
  115  7:45  Sensor Tower, Viking  
  117  7:56  SCV x3  
  117  7:58  Supply Depot  
  120  8:01  Marine x5  
  120  8:05  Viking  
  127  8:06  Siege Tank  
  127  8:10  SCV x3  
  127  8:11  Combat Shield  
  133  8:15  Supply Depot  
  133  8:19  Viking  
  134  8:26  Armory  
  129  8:28  Marine x4, Barracks x2  
  120  8:45  SCV x3  
  123  8:53  Medivac x2  
  127  8:59  SCV x3  
  127  9:00  Siege Tank  
  133  9:09  Marine x5  
  138  9:11  SCV x2  
  138  9:12  SCV  
  141  9:20  Supply Depot  
  141  9:22  Supply Depot  
  141  9:27  Medivac x2  
  141  9:28  SCV  
  141  9:29  SCV x2  
  147  9:33  Supply Depot, Marine x2  
  149  9:41  Marine x3  
  149  9:43  Barracks Reactor  
  149  9:44  Barracks Reactor  
  149  9:45  Terran Infantry Weapons Level 2  
  152  9:51  SCV x3  
  155  9:53  Terran Infantry Armor Level 2  
  155  9:54  Supply Depot  
  155  9:55  Marine x2  
  155  9:59  Marine  
  158  10:02  Siege Tank  
  161  10:12  Marine  
  161  10:13  Marine x2  
  165  10:15  Command Center  
  163  10:24  Marine x4  
  163  10:25  Viking x2  
  163  10:28  Terran Vehicle Weapons Level 1  
  168  10:30  Factory, SCV  
  168  10:31  SCV x2  
  168  10:32  Barracks Reactor  
  171  10:36  Marine x2  
  173  10:47  Marine x4  
  172  10:50  Siege Tank  
  172  10:56  Marine x4  
  168  10:57  Medivac x2  
  172  11:05  Marine x4  
  172  11:08  Marine x2  
  178  11:14  Marine x3  
  181  11:20  Supply Depot x2  
  181  11:26  Siege Tank, Marine x7  
  181  11:32  SCV x2, Marine x3  
  196  11:42  SCV  
  196  11:44  Marine x3  
  191  11:49  Marine x4  
  191  11:53  Viking  
  191  11:54  Siege Tank, Viking  
  170  11:56  Planetary Fortress  
  170  11:58  SCV x3, Siege Tank  
  178  12:12  Terran Infantry Weapons Level 3  
  178  12:13  Terran Infantry Armor Level 3  
  178  12:23  Viking x2, Marine x6  
  178  12:27  SCV  
  178  12:29  Refinery x2  
  189  12:30  SCV x2  
  186  12:45  Marine x6  
  186  12:48  Siege Tank x2  
  198  12:53  Marine x2  
  198  12:58  Terran Vehicle Weapons Level 2  
  199  13:15  Starport  
  199  13:16  Starport  
  199  13:18  Command Center x2  
  199  13:20  Orbital Command  
  199  13:21  Sensor Tower  
  197  13:32  Siege Tank x2  
  200  13:36  Marine  
  200  13:51  Refinery  
  200  13:53  Sensor Tower, Starport Tech Lab  
  200  13:54  Starport Tech Lab  
  200  13:57  Viking x2  
  200  14:04  Missile Turret  
  200  14:10  Armory  
  200  14:31  Orbital Command  
  197  14:47  Marine x4  
  197  14:51  Marine x4  
  164  14:54  Raven, Viking  
  164  14:55  Raven, Viking  
  164  14:57  Marine x2  
  167  15:01  Planetary Fortress  
  167  15:02  SCV x4  
  167  15:05  Marine x4  
  175  15:07  Siege Tank  
  175  15:08  Siege Tank  
  175  15:09  Marine x4  
  181  15:14  SCV x4, Marine x2  
  181  15:19  Corvid Reactor  
  187  15:23  Marine x4  
  187  15:26  SCV, Viking x2  
  187  15:27  Marine x2  
  198  15:37  Viking  
  199  15:51  Command Center  
  197  16:08  Viking  
  197  16:09  Viking  
  199  16:11  Terran Ship Weapons Level 1  
  199  16:12  Neosteel Armor, Terran Vehicle And Ship Armor Level 1  
  199  16:13  Hi-Sec Auto Tracking  
  199  16:16  Missile Turret  
  199  16:17  Refinery  
  199  16:18  Refinery  
  199  16:19  Missile Turret, Command Center  
  199  16:20  Command Center  
  196  16:35  Raven x2  
  196  16:38  Siege Tank x2, Viking  
  196  16:39  Viking  
  190  16:56  Marine x8  
  185  17:08  Viking  
  185  17:09  Viking  
  185  17:10  Siege Tank x2  
  188  17:18  Viking  
  188  17:31  Raven  
  190  17:38  Viking  
  190  17:39  SCV x3  
  190  17:42  Siege Tank  
  198  17:48  Raven  
  192  17:59  Siege Tank  
  192  18:00  Marine x4  
  192  18:01  Marine x4  
  192  18:02  Marine x2  
  185  18:14  Siege Tank  
  185  18:18  Marine x4  
  157  18:30  Marine x6  
  157  18:31  Siege Tank  
  119  18:44  Marine x2  
  119  18:46  Siege Tank  
  115  18:51  Marine x3  
  94  19:03  Siege Tank  
  94  19:06  Marine x3  
Tags
 
Add a new tag
Caveats
  • Supply blocks, unpowered buildings, or Contaminate may cause inaccurate times.
  • Supply counts are checked every 10 seconds.